 Dungeon Crawl Stone Soup version 0.31-a0-795-g5eb97db20b (webtiles) character file.

Game seed: 12533285806498101323

(classic levelgen) 10931 Amnesiac the Devastator (level 11, -6/54 HPs)
             Began as a Deep Elf Conjurer on Sept 18, 2023.
             Was an Elder of Vehumet.
             Mangled by a sixfirhy (12 damage)
             ... summoned by a kobold demonologist
             ... on level 9 of the Dungeon.
             The game lasted 00:24:04 (9630 turns).

Amnesiac the Devastator (Deep Elf Conjurer)         Turns: 9630, Time: 00:24:04

Health: -6/54      AC:  7    Str:  4    XL:     11   Next: 42%
Magic:  11/30      EV: 12    Int: 28    God:    Vehumet [****..]
Gold:   576        SH:  0    Dex: 13    Spells: 17/37 levels left

rFire   + . .        A - +4 spear (venom)
rCold   + . .        (no shield)
rNeg    . . .        D - +1 robe {rC+ rF+}
rPois   .            (no helmet)
rElec   .            c - +0 cloak
rCorr   .            p - +1 pair of gloves
SInv    .            n - +0 pair of boots
Will    +....        o - amulet of faith
Stlth   ++           (no ring)
HPRegen 0.29/turn    (no ring)
MPRegen 0.22/turn

%: clarity, faith
@: no status effects
A: talons 1, clarity, sense surroundings 1
a: Renounce Religion


You were on level 9 of the Dungeon.
You worshipped Vehumet.
Vehumet was greatly pleased with you.
You visited 1 branch of the dungeon, and saw 9 of its levels.

You collected 576 gold pieces.

Inventory:

Hand Weapons
 m - a +5 spear of freezing
 A - a +4 spear of venom (weapon)
Armour
 b - a +2 buckler
 c - a +0 cloak (worn)
 n - a +0 pair of boots (worn)
 p - a +1 pair of gloves (worn)
 D - a +1 robe of resistance (worn)
Magical Staves
 y - a staff of fire
 B - a staff of air
Jewellery
 e - a ring of fire
 o - an amulet of faith (around neck)
 s - an amulet of guardian spirit
Talismans
 f - a flux talisman
Wands
 k - a wand of flame (25)
Scrolls
 a - a scroll of enchant weapon {!r}
 h - 4 scrolls of teleportation {!r}
 j - a scroll of fog {!r}
 q - a scroll of blinking {!r}
 r - 4 scrolls of enchant armour {!r}
 t - a scroll of immolation {!r}
 u - a scroll of butterflies {!r}
Potions
 d - 4 potions of mutation {!q}
 g - 2 potions of attraction {!q}
 i - a potion of brilliance {!q}
 l - a potion of lignification {!q}


   Skills:
 - Level 2.4 Dodging
 - Level 2.4 Stealth
 + Level 0.4 Shields
 + Level 13.9 Spellcasting
 * Level 16.4 Conjurations


You had 17 spell levels left.
You knew the following spells:

 Your Spells              Type           Power      Damage    Failure   Level
a - Searing Ray           Conj           100%       2d8       0%          2
b - Iskenderun's Mystic   Conj/Tloc      60%        2d13      1%          4
c - Fulminant Prism       Conj/Hex       30%        3d16      1%          4
d - Magic Dart            Conj           100%       1d8       0%          1
e - Mephitic Cloud        Conj/Pois/Air  50%        N/A       1%          3
f - Dazzling Flash        Conj/Hex       100%       N/A       1%          3
w - Hailstorm             Conj/Ice       60%        3d13      1%          3

Your spell library contained the following spells:

 Spells                   Type           Power      Damage    Failure   Level
 Frozen Ramparts          Ice            38%        1d6       2%          3
 Petrify                  Tmut/Erth      19%        N/A       26%         4
 Metabolic Englaciation   Hex/Ice        9%         N/A       58%         5


Dungeon Overview and Level Annotations

Branches:
Dungeon (9/15)             Temple (0/1) D:4            Lair (0/5) D:9
    Orc: D:9-12

Altars:
Ashenzari
Cheibriados
Elyvilon
Fedhas
Hepliaklqana
Makhleb
Okawaru
Qazlal
Ru
Trog
Vehumet
Wu Jian
Zin


Innate Abilities, Weirdness & Mutations

You have sharp toenails.
You possess an exceptional clarity of mind.
You passively map a small area around you.


Message History

The ball explodes into a vile cloud!
The stinking cloud engulfs the sixfirhy but does no damage.
The sixfirhy is lightly wounded.
The stinking cloud engulfs the kobold demonologist but does no damage.
The stinking cloud engulfs you but does no damage.
The sixfirhy is engulfed in noxious fumes. x2
The sixfirhy appears confused.
The sixfirhy is engulfed in noxious fumes. x2
The sixfirhy appears confused.
The sixfirhy is engulfed in noxious fumes.
The sixfirhy appears confused.
The sixfirhy is engulfed in noxious fumes.
The sixfirhy appears confused.
The kobold demonologist is engulfed in noxious fumes.
The kobold demonologist appears confused.
The sixfirhy is engulfed in noxious fumes.
The sixfirhy appears confused.
The sixfirhy is engulfed in noxious fumes.
The sixfirhy appears confused.
The kobold demonologist is engulfed in noxious fumes.
The kobold demonologist appears confused.
You feel yourself speed up.
The sixfirhy is engulfed in noxious fumes.
The sixfirhy appears confused.
The sixfirhy is engulfed in noxious fumes.
The sixfirhy appears confused.
The sixfirhy is engulfed in noxious fumes.
The sixfirhy appears confused.
The sixfirhy is engulfed in noxious fumes.
The sixfirhy appears confused.
The sixfirhy is engulfed in noxious fumes.
The sixfirhy appears confused.
The sixfirhy is engulfed in noxious fumes. x2
The sixfirhy appears confused.
The sixfirhy is engulfed in noxious fumes.
The sixfirhy appears confused.
The sixfirhy is engulfed in noxious fumes.
The kobold demonologist is engulfed in noxious fumes.
The sixfirhy is engulfed in noxious fumes.
The sixfirhy is engulfed in noxious fumes.
The sixfirhy appears confused.
The sixfirhy is engulfed in noxious fumes. x2
The sixfirhy appears confused.
The sixfirhy is engulfed in noxious fumes. x2
The sixfirhy appears confused.
The kobold demonologist is engulfed in noxious fumes.
The sixfirhy is engulfed in noxious fumes.
The sixfirhy appears confused.
Casting: Mephitic Cloud (safe; 1% risk of failure)
Confirm with . or Enter, or press ? or * to list all spells.
Aiming: Mephitic Cloud (safe; 1% risk of failure)
Press: ? - help, Shift-Dir - straight line, f - kobold demonologist, p - sixfirhy
Aim: a kobold demonologist, wielding a +0 broad axe and wearing a +0 robe (chance to affect: 72%)
The ball explodes into a vile cloud!
The stinking cloud engulfs the kobold demonologist but does no damage.
The stinking cloud engulfs the shadow imp but does no damage.
You hear a shout!
The sixfirhy is engulfed in noxious fumes.
The sixfirhy appears confused.
The sixfirhy is engulfed in noxious fumes.
The sixfirhy appears confused.
The sixfirhy hits you.
* * * LOW HITPOINT WARNING * * *
The sixfirhy shocks you!
You die...

≈≈~~~~~~ ≈≈~~~.5..~~~~~~≈≈≈~~~~~≈
........ .......K................
######## ..#####.############g...
# ** #..☼○.### #.... #
########K§...### #.... #
#...##.5☼○.....## ##. #
####.#.#.K○○.......## #. #
#....#....3.......).## #) #
#....#...@...>...).))## #[ #
######...)..........)......###†
###...........#...........#...[).
#.#...........##.........######.[
'.#...........####.....#### #..
###.....#.......#.##...#..# #.. #
#....o#....).)'.##...'..# #..
###.....#.......####...#..# #..
...####.#......)...#####..# #..


You could see 2 kobold demonologists, a sixfirhy (summoned, confused) and a
shadow imp (summoned).

Vanquished Creatures
  A deep elf pyromancer (D:9)
  Pikel (D:7)
  2 cyclopes
  Joseph (D:8)
  A kobold demonologist (D:9)
  Psyche (D:8)
  4 trolls (D:9)
  A hornet (D:9)
  Sigmund (D:2)
  3 yaks (D:9)
  A wyvern (D:8)
  11 wargs (D:9)
  3 water moccasins
  2 hell hounds (D:9)
  An ogre (D:6)
  7 orc warriors
  3 black bears (D:5)
  4 ice beasts (D:6)
  A phantom (D:6)
  4 centaurs
  A lemure (D:7)
  2 kobold brigands
  2 bullfrogs
  4 gnoll sergeants
  9 wights
  6 jellies
  10 howler monkeys
  A crimson imp (D:3)
  3 hounds
  10 orc priests
  A sleepcap (D:5)
  A gnoll bouda (D:9)
  4 iguanas
  Terence (D:2)
  Natasha (thrice) (D:2)
  13 orc wizards
  20 gnolls
  10 adders
  2 white imps (D:7)
  An ufetubus (D:6)
  A worm (D:2)
  3 dart slugs
  21 orcs
  9 endoplasms
  4 giant cockroaches
  5 goblins
  9 hobgoblins
  5 jackals (D:2)
  9 quokkas
  6 ball pythons
  8 bats
  6 frilled lizards
  9 kobolds
  5 rats
257 creatures vanquished.

Vanquished Creatures (others)
  4 fulminant prisms
4 creatures vanquished.

Grand Total: 261 creatures vanquished

Notes
Turn   | Place    | Note
-------+----------+-------------------------------------------
     0 | D:1      | Amnesiac the Deep Elf Conjurer began the quest for the Orb.
     0 | D:1      | Reached XP level 1. HP: 10/10 MP: 6/6
   167 | D:1      | Reached XP level 2. HP: 15/15 MP: 5/8
   327 | D:1      | Reached skill level 5 in Conjurations
   836 | D:2      | Reached XP level 3. HP: 19/19 MP: 7/10
   870 | D:2      | Noticed Terence
   874 | D:2      | Learned a level 2 spell: Searing Ray
   892 | D:2      | Killed Terence
   914 | D:2      | Reached XP level 4. HP: 24/24 MP: 4/12
  1151 | D:2      | Noticed Natasha
  1158 | D:2      | Killed Natasha
  1159 | D:2      | Reached skill level 6 in Conjurations
  1253 | D:2      | Reached XP level 5. HP: 18/28 MP: 5/14
  1298 | D:2      | Learned a level 4 spell: Iskenderun's Mystic Blast
  1415 | D:2      | Noticed Sigmund
  1495 | D:2      | Killed Sigmund
  1496 | D:2      | Reached skill level 5 in Spellcasting
  1496 | D:2      | Reached skill level 7 in Conjurations
  1496 | D:2      | Reached XP level 6. HP: 22/32 MP: 4/16
  1617 | D:2      | Noticed Natasha
  1622 | D:2      | Killed Natasha
  1720 | D:2      | Noticed Natasha
  1729 | D:2      | Killed Natasha
  1944 | D:3      | Learned a level 4 spell: Fulminant Prism
  2194 | D:3      | Found a burning altar of Makhleb.
  2201 | D:3      | Reached skill level 8 in Conjurations
  2201 | D:3      | Reached XP level 7. HP: 29/36 MP: 11/18
  2201 | D:3      | Found a radiant altar of Vehumet.
  2207 | D:3      | Became a worshipper of Vehumet
  2736 | D:4      | Found a staircase to the Ecumenical Temple.
  3005 | D:4      | Reached * piety under Vehumet
  3005 | D:4      | Offered knowledge of Freeze by Vehumet.
  3272 | D:5      | Entered Level 5 of the Dungeon
  3357 | D:5      | Reached skill level 9 in Conjurations
  3599 | D:5      | Gained mutation: You have sharp toenails. [potion of
                  | mutation]
  3599 | D:5      | Gained mutation: You possess an exceptional clarity of
                  | mind. [potion of mutation]
  3599 | D:5      | Gained mutation: You passively map a small area around you.
                  | [potion of mutation]
  3680 | D:5      | Learned a level 3 spell: Dazzling Flash
  3691 | D:5      | Reached XP level 8. HP: 36/41 MP: 15/21
  4044 | D:5      | Found a glowing silver altar of Zin.
  4221 | D:5      | Reached skill level 10 in Conjurations
  4673 | D:6      | Found an iron altar of Okawaru.
  4704 | D:6      | Reached ** piety under Vehumet
  4740 | D:6      | Offered knowledge of Poisonous Vapours by Vehumet.
  4878 | D:6      | Reached skill level 11 in Conjurations
  5021 | D:6      | Reached XP level 9. HP: 40/45 MP: 5/24
  5100 | D:6      | Found a white marble altar of Elyvilon.
  5421 | D:7      | Offered knowledge of Mephitic Cloud by Vehumet.
  5426 | D:7      | Learned a level 3 spell: Mephitic Cloud
  5470 | D:7      | Reached skill level 10 in Spellcasting
  5470 | D:7      | Reached skill level 12 in Conjurations
  5863 | D:7      | Reached *** piety under Vehumet
  6036 | D:7      | Found an ornate altar of the Wu Jian Council.
  6231 | D:7      | Found a broken altar of Ashenzari.
  6263 | D:7      | Found a bloodstained altar of Trog.
  6532 | D:8      | Reached skill level 13 in Conjurations
  6777 | D:8      | Noticed a cyclops
  6784 | D:8      | Noticed Psyche
  6791 | D:8      | Noticed Pikel
  6792 | D:8      | Noticed Joseph
  6793 | D:8      | Killed Psyche
  6793 | D:8      | Offered knowledge of Inner Flame by Vehumet.
  6794 | D:8      | Reached XP level 10. HP: 50/50 MP: 6/27
  6819 | D:7      | Killed Pikel
  7119 | D:8      | Killed a cyclops
  7124 | D:8      | Reached skill level 14 in Conjurations
  7658 | D:8      | Killed Joseph
  7828 | D:9      | Reached **** piety under Vehumet
  8376 | D:9      | Reached skill level 15 in Conjurations
  8393 | D:9      | Offered knowledge of Hailstorm by Vehumet.
  8398 | D:9      | Learned a level 3 spell: Hailstorm
  8640 | D:9      | Found a staircase to the Lair.
  8647 | D:9      | Reached XP level 11. HP: 54/54 MP: 5/30
  9168 | D:9      | Noticed a deep elf pyromancer
  9186 | D:9      | Killed a deep elf pyromancer
  9187 | D:9      | Reached skill level 16 in Conjurations
  9426 | D:9      | Found a hazy altar of Hepliaklqana.
  9432 | D:9      | Found a snail-covered altar of Cheibriados.
  9432 | D:9      | Found a sacrificial altar of Ru.
  9439 | D:9      | Found a stormy altar of Qazlal.
  9458 | D:9      | Found a blossoming altar of Fedhas.
  9616 | D:9      | Noticed a two-headed ogre
  9620 | D:9      | Noticed a sixfirhy
  9630 | D:9      | Mangled by a sixfirhy

Illustrated notes

Levels and vault maps discovered:
D:1:      lightli_arrival_maybe_door_vault, layout_basic, minivault_11,
          serial_bayou_pond_a
D:2:      layout_loops_ring, dreamdust_mushroom_princess, uniq_terence,
          uniq_natasha, uniq_sigmund
D:3:      layout_rooms, grunt_temple_overflow_lords_of_destruction,
          minmay_misc_feat_four_crosses
D:4:      layout_loops_ring, minmay_temple_entry_arrows
D:5:      layout_gridville, overflow_temple_1_default, kennysheep_generic_room_6
D:6:      hellmonk_destroyed_diamonds, layout_basic, mainiacjoe_overflow_paths,
          mainiacjoe_overflow_brackets, chequers_serial_rivers_small_a,
          columned_hall_lemuel, chequers_garden
D:7:      layout_basic, nicolae_ashenzari_skybound, lemuel_doored_altar,
          lemuel_crystal_altar, nicolae_titane
D:8:      layout_cave_pools, uniq_joseph, uniq_psyche, uniq_pikel
D:9:      lemuel_castle_with_subvaults [lemuel_castle_interior_carwin_3],
          layout_stronghold, minmay_overflow_temple_star_hex,
          erik_lair_orcish_takeover

Skill      XL: |  1  2  3  4  5  6  7  8  9 10 11 |
---------------+----------------------------------+-----
Conjurations   | 5 6 7 8 9 11 13 15 16 | 16.4
Spellcasting   | 4 5 6 7 9 11 13 | 13.9
Dodging        | |  2.4
Stealth        | |  2.4
Shields        | |  0.4

Action                     |  1- 3 |  4- 6 |  7- 9 | 10-12 || total
---------------------------+-------+-------+-------+-------++-------
  Melee: Unarmed           |       |       |     1 |    14 ||    15
         Spear             |       |       |       |    64 ||    64
         Punch             |       |       |       |     5 ||     5
   Cast: Magic Dart        |    53 |    97 |    49 |     1 ||   200
         Searing Ray       |     1 |     8 |    49 |     9 ||    67
         Fulminant Prism   |       |     2 |       |     2 ||     4
         Iskenderun's Myst |       |       |    60 |    73 ||   133
         Dazzling Flash    |       |       |     3 |       ||     3
         Mephitic Cloud    |       |       |     3 |    35 ||    38
         Hailstorm         |       |       |       |     4 ||     4
    Use: Potion            |       |       |     4 |     5 ||     9
         Scroll            |       |       |    12 |     3 ||    15
   Stab: Confused          |       |       |       |     5 ||     5
 Armour: Robe              |     3 |    27 |    86 |    69 ||   185
         Skin              |       |       |       |    33 ||    33
  Dodge: Dodged            |       |    23 |    81 |    50 ||   154

Table legend: (Time is in decaauts)
 A = Elapsed time spent in this place.
 B = Non-inter-level travel time spent in this place.
 C = Inter-level travel time spent in this place.
 D = Time resting spent in this place.
 E = Time spent auto-exploring this place.
 F = Levels seen in this place.
 G = Mean time per level.
                   A        B        C        D        E       F      G
               +--------+--------+--------+--------+--------+-----+--------+
         Total |   9662 |   9220 |    442 |   2073 |   5433 |   9 | 1073.6 |
       Dungeon |   9662 |   9220 |    442 |   2073 |   5433 |   9 | 1073.6 |
               +--------+--------+--------+--------+--------+-----+--------+

Top non-repeatable levels by time:
     D:9: 1761 daAuts
     D:7: 1329 daAuts
     D:8: 1178 daAuts
     D:5: 1139 daAuts
     D:2: 1008 daAuts
     D:6: 973 daAuts
     D:1: 833 daAuts
     D:3: 728 daAuts
     D:4: 709 daAuts
